 Dungeon Crawl Stone Soup version 0.24.0-41-g2ae2f7f1be (webtiles) character file.

Game seed: 7106876980787784413, levelgen mode: deterministic

206 FishyPogo the Magician (level 5, -1/28 HPs)
             Began as a Deep Elf Wizard on Dec 14, 2019.
             Was an Initiate of Makhleb.
             Killed from afar by Ijyb (15 damage)
             ... with an iceblast
             ... on level 4 of the Dungeon.
             The game lasted 00:13:05 (2648 turns).

FishyPogo the Magician (Deep Elf Wizard)            Turns: 2648, Time: 00:13:09

Health: -1/28      AC:  4    Str:  4    XL:     5   Next: 53%
Magic:  9/15       EV: 13    Int: 24    God:    Makhleb [......]
Gold:   165        SH:  0    Dex: 13    Spells: 4/15 levels left

rFire    . . .     SeeInvis .   b - +0 dagger
rCold    + . .     Gourm    .   (no shield)
rNeg     . . .     Faith    .   a - +0 robe
rPois    .         Spirit   .   c - +2 hat
rElec    .         Reflect  .   (no cloak)
rCorr    .         Harm     .   k - -1 pair of gloves
MR       .....                  (no boots)
Stlth    ++........             (no amulet)
HPRegen  0.09/turn              (no ring)
MPRegen  0.14/turn              (no ring)

@: lightly drained
A: horns 1, blink, cold resistance 1, deterioration 1
a: Blink, Renounce Religion


You were on level 4 of the Dungeon.
You worshipped Makhleb.
Makhleb was noncommittal.
You were not hungry.

You visited 1 branch of the dungeon, and saw 4 of its levels.

You collected 165 gold pieces.

Inventory:

Hand Weapons
 b - a +0 dagger (weapon)
Missiles
 g - 39 stones (quivered)
 l - 13 poisoned darts
Armour
 a - a +0 robe (worn)
 c - a +2 hat (worn)
 k - a -1 pair of gloves (worn)
Magical Staves
 s - an uncursed staff of wizardry
Scrolls
 f - a scroll of remove curse
 i - a scroll of blinking {unknown}
 j - 3 scrolls of teleportation {unknown}
 n - 2 scrolls of identify
 p - a scroll of noise {unknown}
 r - a scroll of amnesia {unknown}
Potions
 e - a potion of flight
 m - a potion of brilliance
 o - a potion of berserk rage
 t - a potion of magic {unknown}
Comestibles
 d - 7 rations
 h - a chunk of flesh


   Skills:
 + Level 1.6(1.2) Short Blades
 - Level 3.0(2.6) Dodging
 - Level 3.0(2.6) Stealth
 + Level 5.6(5.2) Spellcasting
 * Level 3.7(3.3) Conjurations
 - Level 1.1(0.7) Summonings
   Level 1.1(0.7) Translocations
 + Level 1.7(1.3) Poison Magic


You had 4 spell levels left.
You knew the following spells:

 Your Spells              Type           Power        Failure   Level  Hunger
a - Magic Dart            Conj           ###.         2%          1    None
b - Slow                  Hex            #.......     13%         2    None
c - Mephitic Cloud        Conj/Pois/Air  ##......     14%         3    ##.....
j - Conjure Flame         Conj/Fire      ##......     13%         3    ##.....
p - Call Imp              Summ           #.......     10%         2    None

Your spell library contained the following spells:

 Spells                   Type           Power        Failure   Level  Hunger
 Blink                    Tloc           N/A          10%         2    None


Dungeon Overview and Level Annotations

Branches:
Dungeon (4/15)
 Temple: D:4-7

Altars:
Makhleb

Annotations:
D:4 Ijyb


Innate Abilities, Weirdness & Mutations

You have a pair of small horns on your head.
You can translocate small distances at will.
Your flesh is cold resistant. (rC+)
Your body sometimes deteriorates upon taking damage.


Message History

t - Shout!
Orders for allies: a - Attack new target. p - Attack previous target. r - Retreat! s - Stop attacking. g - Guard the area. f - Follow me.
Anything else - Cancel.
Gang up on whom?
Press: ? - help, Dir - move target cursor, f - Ijyb, p - ogre
Aim: Ijyb, wielding a +0 dagger, wearing a +3 chain mail of poison resistance and carrying a wand of iceblast (5) Attack!
Ijyb zaps a wand.
The mass of ice explodes!
The iceblast engulfs you! The iceblast engulfs your crimson imp!
Your crimson imp is frozen!
Your crimson imp dies!
The ogre shouts, "NO!"
It was a potion of mutation.
You feel extremely strange.
You feel resistant to cold.
You feel yourself wasting away.
You feel jittery. A pair of horns grows on your head!
Ijyb zaps a wand.
The mass of ice explodes!
The iceblast engulfs you! You partially resist.
Ouch! That really hurt!
You die...

#..... .. ......
. #....###.
#........
#........+#
##+#......##.#
.....g..g....#
....... #.5..#
.......##@...##
.......#......#
..............#
..............###
................#
......O.......#.#
..............#.#
....#...#######.#
...##...# #<#


You could see an ogre (confused), Ijyb and a friendly white imp.

Vanquished Creatures
  An ice beast (D:2)
  4 adders
  3 worms (D:3)
  2 dart slugs (D:1)
  2 leopard geckos
  An orc (D:3)
  4 giant cockroaches
  6 hobgoblins
  3 jackals (D:3)
  6 bats
  6 frilled lizards
  10 goblins
  5 kobolds
  A quokka skeleton (D:3)
  5 rats
59 creatures vanquished.

Vanquished Creatures (collateral kills)
  3 adders
  A worm (D:3)
  An orc (D:3)
  2 bats
  A frilled lizard (D:3)
  A rat (D:1)
9 creatures vanquished.

Grand Total: 68 creatures vanquished

Notes
Turn   | Place    | Note
-------+----------+-------------------------------------------
     0 | D:1      | FishyPogo the Deep Elf Wizard began the quest for the Orb.
     0 | D:1      | Reached XP level 1. HP: 10/10 MP: 7/7
   195 | D:1      | Reached XP level 2. HP: 8/15 MP: 0/9
   199 | D:1      | Learned a level 2 spell: Call Imp
   764 | D:2      | Reached skill level 5 in Spellcasting
   764 | D:2      | Reached XP level 3. HP: 19/19 MP: 3/11
   769 | D:2      | Learned a level 3 spell: Conjure Flame
   773 | D:2      | Learned a level 3 spell: Mephitic Cloud
   776 | D:2      | Learned a level 2 spell: Slow
   829 | D:2      | Noticed an ice beast
  1256 | D:2      | Killed an ice beast
  1256 | D:2      | Reached skill level 1 in Short Blades
  1256 | D:2      | Reached skill level 1 in Poison Magic
  1256 | D:2      | Reached XP level 4. HP: 12/24 MP: 0/13
  1763 | D:3      | Reached XP level 5. HP: 26/28 MP: 3/14
  1930 | D:3      | Found a burning altar of Makhleb.
  1935 | D:3      | Became a worshipper of Makhleb the Destroyer
  2632 | D:4      | Noticed Ijyb
  2636 | D:4      | Noticed an ogre
  2648 | D:4      | Gained mutation: Your flesh is cold resistant. (rC+)
                  | [potion of mutation]
  2648 | D:4      | Gained mutation: Your body sometimes deteriorates upon
                  | taking damage. [potion of mutation]
  2648 | D:4      | Gained mutation: You can translocate small distances at
                  | will. [potion of mutation]
  2648 | D:4      | Gained mutation: You have a pair of small horns on your
                  | head. [potion of mutation]
  2648 | D:4      | Killed from afar by Ijyb

Levels and vault maps discovered:
D:1:      doesnt_arrival_eight_statues, layout_rooms
D:2:      layout_loops_ring, minmay_misc_feat_enclosed, minmay_pentomino_o2
D:3:      layout_loops_cross, lemuel_doored_altar, cheibrodos_sewer_entry_bend
D:4:      layout_basic, kennysheep_mini_moat, minmay_temple_entry_slanted,
          uniq_sigmund, uniq_ijyb, uniq_purgy

Skill      XL: |  1  2  3 |
---------------+----------+-----
Spellcasting   | 5 |  5.6
Conjurations   | 2 3 |  3.7
Dodging        | 3 |  3.0
Stealth        | 3 |  3.0
Short Blades   | 1 |  1.6
Poison Magic   | 1 |  1.7
Summonings     | |  1.1
Translocations | |  1.1

Action                   |  1- 3 |  4- 6 || total
-------------------------+-------+-------++-------
Melee: Dagger            |    55 |    26 ||    81
Throw: Stone             |     2 |       ||     2
 Cast: Magic Dart        |    79 |    61 ||   140
       Call Imp          |     6 |     5 ||    11
       Conjure Flame     |     1 |       ||     1
       Mephitic Cloud    |       |     6 ||     6
  Use: Potion            |     3 |     1 ||     4
       Scroll            |       |     7 ||     7
 Stab: Sleeping          |     2 |     2 ||     4
       Confused          |       |     2 ||     2
  Eat: Chunk             |     1 |     5 ||     6
Armor: Robe              |    27 |    10 ||    37
Dodge: Dodged            |    52 |    25 ||    77
